 Dungeon Crawl Stone Soup version 0.19-a0-1166-g02d67b9 (webtiles) character file.

42 Gagarin the Stinger (level 3, 0/28 HPs)
             Began as a Gargoyle Venom Mage on Aug 14, 2016.
             Slain by an adder (2 damage)
             ... on level 2 of the Dungeon.
             The game lasted 00:03:53 (1744 turns).

Gagarin the Stinger (Gargoyle Venom Mage)           Turns: 1744, Time: 00:03:54

Health: 0/28       AC: 21    Str: 11    XL:     3   Next: 56%
Magic:  1/6        EV:  2    Int: 16    God:
Gold:   22         SH:  0    Dex: 10    Spells: 2 memorised, 2 levels left

rFire  . . .     SeeInvis .     r - +0 whip
rCold  . . .     Gourm    .     (armour currently unavailable)
rNeg   + + +     Faith    .     (no shield)
rPois  ∞         Spirit   .     (helmet currently unavailable)
rElec  .         Dismiss  .     (cloak currently unavailable)
rCorr  .         Reflect  .     (gloves currently unavailable)
MR     .....     Harm     .     (boots currently unavailable)
Stlth  ++........ NoTele   +    (no amulet)
                                (no ring)
                                (no ring)

@: tree-form, very slightly contaminated
A: negative energy resistance 1, (electricity resistance), (unbreathing),
petrification resistance, rot immunity, AC +3
a: no special abilities


You were on level 2 of the Dungeon.
You were not hungry.
You were a tree.
You visited 1 branch of the dungeon, and saw 2 of its levels.

You collected 22 gold pieces.

Inventory:

Hand Weapons
 r - a +0 whip (weapon)
Armour
 g - a cursed +0 robe
 j - a +0 ring mail (melded)
 m - a +1 cloak (melded)
 o - a +0 helmet (melded)
Jewellery
 s - an uncursed amulet of faith {unknown}
Scrolls
 a - a scroll of identify {unknown}
 e - 6 scrolls of remove curse {unknown}
 i - a scroll of noise {unknown}
 q - a scroll of recharging {unknown}
Potions
 l - a potion of curing {unknown}
 p - a potion of degeneration {unknown}
Books
 b - a Young Poisoner's Handbook

   Spells                             Type                      Level
   a - Sting                          Conjuration/Poison           1
   b - Mephitic Cloud                 Conjuration/Poison/Air       3
   c - Olgreb's Toxic Radiance        Poison                       4
   d - Alistair's Intoxication        Transmutation/Poison         5
   e - Venom Bolt                     Conjuration/Poison           5
Comestibles
 c - a bread ration
 d - 2 chunks of flesh
 f - 2 meat rations
 k - a beef jerky
 n - 4 fruits


   Skills:
 + Level 0.4 Armour
 + Level 2.1 Dodging
 + Level 2.4 Stealth
 + Level 2.2 Spellcasting
 + Level 0.2 Conjurations
 + Level 4.5 Poison Magic


You had 2 spell levels left.
You knew the following spells:

 Your Spells              Type           Power        Failure   Level  Hunger
a - Sting                 Conj/Pois      #...         10%         1    #......
b - Mephitic Cloud        Conj/Pois/Air  #.......     34%         3    ###....


Dungeon Overview and Level Annotations

Branches:
Dungeon (2/15)

Altars:
Ashenzari


Innate Abilities, Weirdness & Mutations

You are resistant to torment.
((Your stone body is resilient. (AC +3)))
You are immune to poison.
You resist negative energy. (rN+)
((You are resistant to electric shocks. (rElec)))
((You can survive without breathing.))
You are immune to petrification.
You are immune to rotting.


Message History

The adder barely misses you.
You completely miss the adder.
The adder is moderately wounded.
The adder bites you but does no damage. The adder bites you.
* * * LOW HITPOINT WARNING * * *
You barely miss the adder.
The adder is moderately wounded.
The adder bites you but does no damage.
You miss the adder.
The adder is moderately wounded.
The adder bites you but does no damage. x2
You barely miss the adder.
The adder is moderately wounded.
The adder bites you but does no damage.
You closely miss the adder.
The adder is moderately wounded.
The adder bites you.
* * * LOW HITPOINT WARNING * * *
The adder bites you.
You die...

#.##.....#.#
#.##.#####.# #.##.#
#.# ###.##.#####.#
...........##.#
#...##.###.#....#.#.#
......# #..........#
...#.# #.#....#.###
....###.##.♣..##
..........#S##
#..####>###.# #S.#
#.# #.# #..# #.# #.#
#..####.###.#
#.$.........#
#...###...### ###.#
###.#


You could see an adder.

Vanquished Creatures
  2 adders
  A dart slug (D:1)
  A giant gecko (D:1)
  2 giant cockroaches
  4 goblins (D:1)
  2 hobgoblins (D:1)
  4 bats (D:1)
  3 giant newts (D:1)
  2 kobolds (D:1)
  A rat (D:2)
22 creatures vanquished.

Notes
Turn   | Place    | Note
-------+----------+-------------------------------------------
     0 | D:1      | Gagarin the Gargoyle Venom Mage began the quest for the Orb.
     0 | D:1      | Reached XP level 1. HP: 10/10 MP: 3/3
     2 | D:1      | Noticed a demigod
     2 | D:1      | Noticed a spriggan
     4 | D:1      | Noticed a centaur
     4 | D:1      | Noticed a halfling
     6 | D:1      | Noticed a felid
     6 | D:1      | Noticed a merfolk
     8 | D:1      | Noticed a draconian
     8 | D:1      | Noticed an octopode
    10 | D:1      | Noticed a minotaur
    12 | D:1      | Noticed a dwarf
    14 | D:1      | Noticed a vine stalker
    14 | D:1      | Noticed a vampire
    16 | D:1      | Noticed a formicid
    16 | D:1      | Noticed a human
    18 | D:1      | Noticed a gargoyle
    20 | D:1      | Noticed a ghoul
    20 | D:1      | Noticed a tengu
    22 | D:1      | Noticed a demonspawn
    22 | D:1      | Noticed a naga
    24 | D:1      | Noticed a troll
    26 | D:1      | Noticed an ogre
    26 | D:1      | Noticed an elf
   321 | D:1      | Reached XP level 2. HP: 11/15 MP: 0/5
   870 | D:1      | Found a shattered altar of Ashenzari.
  1610 | D:1      | Reached XP level 3. HP: 19/19 MP: 3/6
  1667 | D:2      | Learned a level 3 spell: Mephitic Cloud
  1744 | D:2      | Slain by an adder

Vault maps used:
D:1:      kb_arrival_jail, nicolae_ashenzari_panopticon
D:2:      uniq_natasha

Skill      XL: |  1  2 |
---------------+-------+-----
Dodging        | 2 |  2.1
Armour         | |  0.4
Stealth        | |  2.4
Spellcasting   | |  2.2
Conjurations   | |  0.2
Poison Magic   | |  4.5

Action                   || total
-------------------------++-------
Melee: Unarmed           ||    14
       Dagger            ||    24
       Club              ||    28
       Whip              ||    43
 Cast: Sting             ||    18
  Use: Potion            ||     1
 Stab: Sleeping          ||     1
  Eat: Chunk             ||     3
Armor: Robe              ||    12
       Ring mail         ||    58
       Skin              ||     5
Dodge: Dodged            ||    80
